Map: Chantier naval orbital

Players

møøg

  • Race: Terran Terran

AgCl - Winner!

  • Race: Protoss Protoss

VOD

Have the link to the VOD?

Description

Time

  • Played on: May 10, 2015, 4:12 a.m.
  • Length: 3:52
Show
View Real Time Build Order
Export as new Build Order

møøg Terran 

Build Orders: Command Center First (CC) 

Get SALT Encoding   

  12  0:01  SCV  
  13  0:13  SCV  
  14  0:19  Supply Depot  
  14  0:25  SCV  
  15  0:40  SCV  
  16  0:53  SCV  
  17  0:59  Command Center  
  17  1:05  SCV  
  18  1:11  Barracks  
  18  1:17  SCV  
  19  1:21  Refinery  
  19  1:29  SCV  
  20  1:40  Refinery  
  20  1:41  SCV  
  21  1:53  SCV  
  22  1:58  Marine  
  23  2:06  Orbital Command  
  23  2:18  Factory, Marine  
  24  2:27  Orbital Command  
  24  2:31  SCV  
  24  2:36  Barracks Tech Lab  
  25  2:44  SCV  
  25  2:50  Barracks x2  
  26  2:56  SCV x2  
  28  3:03  Factory Tech Lab, Starport  
  28  3:05  Marine  
  28  3:09  SCV  
  30  3:23  SCV  
  31  3:30  Marine  
  31  3:31  SCV  
Show
View Real Time Build Order
Export as new Build Order

AgCl Protoss - Winner!

Build Orders: Oracle Opening, Oracle Opening 

Get SALT Encoding   

  12  0:14  Pylon  
  13  0:23  Probe  
  13  0:34  Gateway  
  14  0:35  Probe  
  14  0:45  Assimilator  
  14  0:49  Pylon  
  14  0:50  Probe  
  15  1:02  Probe (Chrono Boost)  
  16  1:14  Probe (Chrono Boost)  
  17  1:22  Probe (Chrono Boost)  
  17  1:23  Cybernetics Core  
  18  1:27  Assimilator  
  18  1:31  Probe (Chrono Boost)  
  20  1:40  Probe (Chrono Boost)  
  20  1:44  Pylon  
  20  1:48  Probe  
  21  2:01  Stargate  
  21  2:03  Probe (Chrono Boost)  
  21  2:06  Adept  
  24  2:15  Probe (Chrono Boost)  
  25  2:21  Probe (Chrono Boost)  
  26  2:37  Nexus  
  27  2:47  Oracle (Chrono Boost)  
  27  2:49  Probe  
  30  3:01  Probe (Chrono Boost)  
  31  3:10  Forge  
  31  3:12  Mothership Core (Chrono Boost)  
  33  3:27  Probe  
  34  3:39  Probe  
Tags
 
Add a new tag
Caveats
  • Supply blocks, unpowered buildings, or Contaminate may cause inaccurate times.
  • Supply counts are checked every 10 seconds.